Map: [EWC] Dynasty

Players

Dark

  • Race: Zerg Zerg
  • Spawn Location: 1:00

Serral - Winner!

  • Race: Zerg Zerg
  • Spawn Location: 7:00

Event: Esports World Cup 2024

VOD

Have the link to the VOD?

Description

Time

  • Played on: Aug. 18, 2024, 7:01 a.m.
  • Length: 7:30

All games in this series

Show
View Real Time Build Order
Export as new Build Order

Dark Zerg 

Build Orders: Hatch First 

Get SALT Encoding   

  12  0:00  Drone  
  13  0:12  Overlord  
  13  0:17  Drone  
  14  0:31  Drone x2  
  16  0:48  Hatchery  
  15  0:51  Drone  
  15  0:54  Drone  
  17  0:58  Drone  
  18  1:08  Extractor  
  17  1:13  Spawning Pool  
  17  1:16  Drone  
  17  1:19  Drone  
  18  1:28  Drone  
  19  1:39  Drone  
  20  1:51  Drone  
  21  2:00  Drone, Queen x2  
  26  2:01  Overlord  
  26  2:13  Drone  
  26  2:14  Metabolic Boost  
  27  2:23  Drone x3  
  30  2:36  Hatchery  
  29  2:37  Drone  
  30  2:44  Queen  
  30  2:45  Overlord  
  30  2:48  Zergling x4  
  34  2:55  Zergling x4  
  36  2:59  Roach Warren  
  36  3:05  Drone  
  36  3:09  Zergling x2  
  36  3:10  Zergling x6  
  36  3:11  Zergling x2  
  41  3:13  Zergling x2  
  41  3:14  Zergling x2  
  41  3:18  Zergling x2  
  44  3:21  Overlord  
  44  3:29  Overlord  
  44  3:30  Overlord  
  44  3:40  Roach x4  
  52  3:50  Roach x4  
  52  3:53  Roach  
  60  4:00  Roach x2  
  60  4:03  Roach  
  60  4:08  Zergling x2  
  61  4:12  Overlord  
  61  4:14  Zergling x8  
  61  4:17  Zergling x2  
  66  4:18  Zergling x2  
  66  4:21  Zergling x2  
  68  4:26  Zergling x4  
  70  4:32  Zergling x6  
  70  4:37  Ravager  
  74  4:38  Zergling x2  
  74  4:43  Zergling x4  
  74  4:44  Overlord  
  77  4:46  Zergling x6  
  77  4:48  Zergling x2  
  77  4:51  Zergling x2  
  82  4:55  Overlord  
  82  4:58  Overlord  
  81  5:01  Overlord  
  81  5:04  Ravager  
  81  5:07  Zergling x4  
  84  5:11  Zergling x4  
  84  5:12  Zergling x2  
  86  5:14  Zergling x2  
  86  5:17  Zergling x2  
  86  5:18  Zergling x2  
  86  5:21  Zergling x2  
  84  5:29  Zergling x6  
  78  5:36  Zergling x2  
  78  5:37  Zergling x10  
  74  5:46  Roach x3  
  75  5:53  Roach x3  
  81  6:00  Zergling x8  
  83  6:16  Roach x2  
  80  6:22  Zergling x8  
  80  6:25  Drone x3  
  87  6:26  Drone  
  87  6:32  Overlord  
  88  6:40  Ravager  
  89  6:50  Overlord  
  89  6:51  Zergling x2  
  89  6:52  Zergling x12  
  96  7:01  Overlord  
  96  7:08  Overlord  
Show
View Real Time Build Order
Export as new Build Order

Serral Zerg - Winner!

Build Orders: Hatch First 

Get SALT Encoding   

  12  0:00  Drone  
  13  0:12  Overlord  
  13  0:16  Drone  
  14  0:30  Drone x2  
  16  0:47  Hatchery  
  15  0:50  Drone  
  15  0:53  Drone  
  15  0:56  Drone  
  18  1:10  Spawning Pool  
  17  1:13  Drone  
  17  1:17  Drone  
  19  1:27  Drone  
  20  1:37  Hatchery  
  19  1:40  Drone  
  20  1:57  Queen  
  22  2:01  Queen  
  22  2:04  Drone  
  22  2:08  Overlord  
  25  2:11  Drone  
  25  2:13  Drone  
  28  2:15  Drone  
  28  2:26  Drone x2  
  30  2:31  Drone  
  30  2:32  Queen  
  33  2:37  Queen, Extractor x2  
  33  2:42  Drone  
  33  2:43  Overlord  
  34  2:45  Drone  
  34  2:50  Drone  
  36  2:52  Roach Warren, Drone  
  36  2:54  Drone  
  37  3:00  Drone  
  37  3:02  Extractor  
  37  3:03  Drone  
  37  3:05  Drone  
  39  3:06  Drone x2  
  39  3:09  Drone x2  
  39  3:11  Drone  
  44  3:13  Drone  
  44  3:16  Drone  
  44  3:18  Overlord  
  46  3:22  Metabolic Boost  
  46  3:26  Overlord  
  46  3:32  Roach x2  
  50  3:39  Evolution Chamber  
  50  3:40  Evolution Chamber  
  48  3:42  Roach  
  48  3:43  Evolution Chamber  
  48  3:45  Roach x2  
  53  3:53  Evolution Chamber  
  56  3:55  Roach x2  
  56  3:56  Roach  
  56  3:59  Roach  
  55  4:03  Roach  
  55  4:06  Roach x2  
  55  4:07  Roach x2  
  63  4:13  Overlord x2  
  63  4:16  Roach  
  65  4:25  Overlord  
  65  4:31  Queen, Overlord  
  65  4:34  Roach x2  
  71  4:39  Zergling x4  
  71  4:43  Ravager x3  
  71  4:45  Zergling x2  
  77  4:52  Zergling x4  
  79  4:55  Zergling x2  
  80  5:01  Zergling x6  
  80  5:03  Ravager x2  
  80  5:06  Overlord  
  85  5:12  Zergling x2  
  85  5:13  Zergling x4  
  88  5:20  Zergling x6  
  89  5:28  Zergling x2  
  89  5:29  Zergling x8  
  89  5:35  Zergling x2  
  91  5:37  Zergling x6  
  91  5:42  Zergling x4  
  89  5:45  Ravager  
  89  5:46  Ravager  
  89  5:48  Queen  
  90  5:51  Zergling x4  
  90  5:56  Baneling Nest  
  90  5:57  Zergling x4  
  90  6:02  Zergling x2  
  90  6:03  Zergling x2  
  94  6:09  Zergling x2  
  94  6:10  Zergling x4  
  92  6:13  Zergling x4  
  90  6:20  Zergling x8  
  94  6:26  Overlord  
  94  6:33  Overlord  
  94  6:39  Zergling x6  
  97  6:40  Baneling x3  
  97  6:41  Baneling x7  
  97  6:46  Zergling x6  
  100  6:48  Ravager x3  
  100  6:53  Baneling x2  
  103  6:58  Zergling x8  
  107  7:04  Overlord x2  
  107  7:07  Zergling x2  
Tags
 
Add a new tag
Caveats
  • Supply blocks, unpowered buildings, or Contaminate may cause inaccurate times.
  • Supply counts are checked every 10 seconds.